 Dungeon Crawl Stone Soup version 0.20-a0-983-g35de22d (webtiles) character file.

73 TheGoonsmith the Cudgeler (level 4, 0/35 HPs)
             Began as a Bultungin Skald on Apr 10, 2017.
             Killed from afar by a white imp (12 damage)
             ... with a puff of frost
             ... summoned by Natasha
             ... on level 2 of the Dungeon.
             The game lasted 00:02:27 (1539 turns).

TheGoonsmith the Cudgeler (Bultungin Skald)         Turns: 1539, Time: 00:02:27

Health: 0/35       AC: 11    Str: 11    XL:     4   Next: 27%
Magic:  8/8        EV:  5    Int: 13    God:
Gold:   29         SH:  0    Dex: 13    Spells: 8/9 levels left

rFire    . . .     SeeInvis +   a - +0 mace
rCold    . . .     Gourm    .   (no shield)
rNeg     . . .     Faith    .   m - +0 chain mail
rPois    .         Spirit   .   w - +0 helmet
rElec    .         Reflect  .   (no cloak)
rCorr    .         Harm     .   o - +0 pair of gloves
MR       .....                  k - +0 pair of boots
Stlth    ..........             (no amulet)
Regen    0.2/turn               (no ring)
MPRegen  0.2/turn               (no ring)

@: slowed, very slow
A: short attention span, fangs 1, see invisible, strong nose
a: no special abilities


You were on level 2 of the Dungeon.
You were not hungry.

You visited 1 branch of the dungeon, and saw 2 of its levels.

You collected 29 gold pieces.

Inventory:

Hand Weapons
 a - a +0 mace (weapon)
Armour
 b - a +0 leather armour
 k - a +0 pair of boots (worn)
 m - a +0 chain mail (worn)
 o - a +0 pair of gloves (worn)
 w - a +0 helmet (worn)
Jewellery
 i - an uncursed ring of see invisible {unknown}
Scrolls
 e - 2 scrolls of teleportation {unknown}
 j - 2 scrolls of noise {unknown}
 s - 2 scrolls of amnesia {unknown}
 u - 2 scrolls of identify {unknown}
 v - a scroll of fog {unknown}
Potions
 f - 2 potions of resistance {unknown}
 g - a potion of curing {unknown}
 h - a potion of ambrosia {unknown}
 l - a potion of mutation {unknown}
 n - a potion of invisibility {unknown}
 q - a potion of might {unknown}
 t - 2 potions of brilliance {unknown}
Books
 c - a book of Battle

   Spells                             Type                      Level
   a - Infusion                       Charms                       1
   b - Shroud of Golubria             Charms/Translocation         2
   c - Song of Slaying                Charms                       2
   d - Spectral Weapon                Hexes/Charms                 3
   e - Regeneration                   Charms/Necromancy            3
Comestibles
 d - 2 bread rations
 p - 2 fruits
 r - 2 chunks of flesh


   Skills:
 - Level 3.0 Fighting
 + Level 6.4 Maces & Flails
 - Level 1.5 Armour
 - Level 3.0 Dodging
 - Level 3.2 Spellcasting
 - Level 4.4 Charms


You had 8 spell levels left.
You knew the following spells:

 Your Spells              Type           Power        Failure   Level  Hunger
a - Infusion              Chrm           ##..         99%         1    #......


Dungeon Overview and Level Annotations

Branches:
Dungeon (2/15)

Altars:

Annotations:
D:2 Natasha, Sigmund


Innate Abilities, Weirdness & Mutations

You have a short attention span.
You have very sharp teeth.
You have supernaturally acute eyesight. (SInv)
Your uncanny sense of smell can sniff out nearby items.


Message History

Natasha casts a spell at you. The magic dart hits you! The white imp hits you.
The white imp freezes you.
You barely miss Natasha.
Natasha is lightly wounded.
Natasha howls an incantation.
Natasha shimmers violently.
Natasha claws you.
The white imp hits you but does no damage.
Natasha claws you but does no damage.
Your chain mail prevents you from hitting Natasha.
Natasha is lightly wounded.
The white imp hits you but does no damage.
Natasha claws you but does no damage.
The white imp hits you but does no damage.
Natasha barely misses you.
You hit Natasha.
Natasha is moderately wounded.
The white imp gestures at you. The puff of frost hits you!
You die...

.##.#### #.##
<(...... ...... ..
######## ..... .
##...# # #....#.# .
#.#..#.# # #......#
.# ##.#.#5h#.# ... #
.....#.@..###..# #
...[.............. #
#...............#. #
#.##..#.......... #
##.........###.....##
.........>###....##
#.....##........##
#####......#........#
...........#........#


You could see Natasha and a white imp.

Vanquished Creatures
  Jessica (D:2)
  Robin (D:1)
  An adder (D:2)
  A leopard gecko (D:2)
  4 hobgoblins
  A frilled lizard (D:1)
  12 goblins
  4 kobolds
  A rat (D:2)
26 creatures vanquished.

Notes
Turn   | Place    | Note
-------+----------+-------------------------------------------
     0 | D:1      | TheGoonsmith the Bultungin Skald began the quest for the Orb.
     0 | D:1      | Reached XP level 1. HP: 18/18 MP: 4/4
   623 | D:2      | Reached skill level 4 in Maces & Flails
   623 | D:2      | Reached XP level 2. HP: 22/24 MP: 6/6
   661 | D:2      | Noticed Jessica
   676 | D:2      | Killed Jessica
   676 | D:2      | Reached skill level 5 in Maces & Flails
   676 | D:2      | Reached XP level 3. HP: 15/29 MP: 7/7
   944 | D:2      | Noticed Sigmund
  1146 | D:2      | Noticed Robin
  1274 | D:1      | Killed Robin
  1274 | D:1      | Reached skill level 6 in Maces & Flails
  1274 | D:1      | Reached XP level 4. HP: 18/35 MP: 8/8
  1527 | D:2      | Noticed Natasha
  1539 | D:2      | Killed from afar by a white imp

Vault maps used:
D:1:      wheals_arrival_shading, wad_floor_pattern_untrapped
D:2:      uniq_natasha, uniq_robin, uniq_jessica, uniq_sigmund

Skill      XL: |  1  2  3 |
---------------+----------+-----
Maces & Flails | 4 5 6 |  6.4
Fighting       | |  3.0
Armour         | |  1.5
Dodging        | |  3.0
Spellcasting   | |  3.2
Charms         | |  4.4

Action                   |  1- 3 |  4- 6 || total
-------------------------+-------+-------++-------
Melee: Mace              |    75 |    20 ||    95
       Bite              |     5 |       ||     5
  Eat: Chunk             |     1 |     1 ||     2
Armor: Chain mail        |    59 |    25 ||    84
       Leather armour    |     4 |       ||     4
Dodge: Dodged            |    30 |     4 ||    34
